 Dungeon Sprint DCSS version 0.31-a0-437-g7cee417757 (console) character file.

Game seed: 13691567903820944491

28 Lexodia the Vexing (level 2, -25/11 HPs)
             Began as a Felid Enchanter on Aug 2, 2023.
             Annihilated by an ogre
             ... wielding a +0 giant club
              (28 damage)
             ... in the Dungeon (Sprint I: "Red Sonja").
             The game lasted 00:01:05 (68 turns).

Lexodia the Vexing (Felid Enchanter)                  Turns: 68, Time: 00:01:06

Health: -25/11     AC:  1    Str:  4    XL:     2   Next: 96%
Magic:  2/6        EV: 18    Int: 16    God:
Gold:   0          SH:  0    Dex: 16    Spells: 4/6 levels left
                                        Lives:  0   Deaths: 0

rFire   . .          .
                       - Unarmed
rCold   . . .        (shield unavailable)
rNeg    . . .        (body armour unavailable)
rPois   .            (helmet unavailable)
rElec   .            (cloak unavailable)
rCorr   .            (gloves unavailable)
SInv    +            (boots unavailable)
Will    .....        (no amulet)
Stlth   +++          (no ring)
HPRegen 0.21/turn    (no ring)
MPRegen 0.10/turn

%: no teleportation
@: quick
A: very small, claws 1, fangs 3, see invisible, speed 1, shaggy fur 1, stealthy
paws, no weapons or thrown items, no armour, multi-lived
a: no special abilities


You were in the Dungeon.
You visited 1 branch

Inventory:

Wands
 c - a wand of paralysis (6)
Scrolls
 g - a scroll of blinking
Potions
 a - 2 potions of invisibility
 b - a potion of curing
 d - a potion of haste
 e - 2 potions of magic


   Skills:
 - Level 3.7 Dodging
 + Level 6.1 Stealth
 * Level 1.2 Unarmed Combat
 + Level 2.8 Spellcasting
 + Level 7.0 Hexes
 * Level 0.0 Ice Magic


You had 4 spell levels left.
You knew the following spells:

 Your Spells              Type           Power      Damage    Failure   Level
a - Ensorcelled Hibernat  Hex/Ice        26%        N/A       7%          2

Your spell library contained the following spells:

 Spells                   Type           Power      Damage    Failure   Level
 Confusing Touch          Hex            24%        N/A       3%          3
 Tukima's Dance           Hex            24%        N/A       3%          3
 Dazzling Flash           Conj/Hex       26%        N/A       14%         3


Dungeon Overview and Level Annotations

Branches:
Dungeon (1/1)

Altars:


Innate Abilities, Weirdness & Mutations

You have sharp claws.
You have razor-sharp teeth.
You have supernaturally acute eyesight. (SInv)
You cover ground quickly. (Speed+)
You are covered in fur. (AC +1)
Your paws help you pounce on unaware monsters.
You are incapable of wielding weapons or throwing items.
You cannot wear armour.
You gain extra lives every three experience levels.


Message History

HP restored.
Memorise Ensorcelled Hibernation, consuming 2 spell levels and leaving 4?
You start memorising the spell.
You continue memorising.
You feel yourself speed up.
You continue memorising.
You finish memorising.
Spell assigned to 'a'.
You start waiting.
You recover from your berserk rage.
c - a wand of paralysis (6)
Things that are here:
a +0 club; a +0 ring mail; the goblin corpse of Ijyb You open the door.
An ogre comes into view. It is wielding a +0 giant club.
The ogre shouts!
Casting: Ensorcelled Hibernation (safe; 7% risk of failure)
Confirm with . or Enter, or press ? or * to list all spells.
Aiming: Ensorcelled Hibernation (safe; 7% risk of failure)
Press: ? - help, Shift-Dir - straight line, f - ogre
Aim: an ogre, wielding a +0 giant club (chance to affect: 47%)
The ogre resists with some effort.
Casting: Ensorcelled Hibernation (safe; 7% risk of failure)
Confirm with . or Enter, or press ? or * to list all spells.
Aiming: Ensorcelled Hibernation (safe; 7% risk of failure)
Press: ? - help, Shift-Dir - straight line, f/p - ogre
Aim: an ogre, wielding a +0 giant club (chance to affect: 47%)
The ogre looks drowsy...
The helpless ogre fails to defend itself.
You claw the ogre! You bite the ogre.
The ogre is heavily wounded.
The ogre hits you with a +0 giant club!
Ouch! That really hurt!
* * * LOW HITPOINT WARNING * * *
Huge Dmg: -72%(-8hp) hp: 28%(3hp)
You completely miss the ogre.
The ogre is heavily wounded.
You barely miss the ogre.
The ogre is heavily wounded.
The ogre hits you with a +0 giant club!!
Ouch! That really hurt!
You die...

##########
#<.#.@O..#
#..'..#..+
#..#### +#
#..# #..#
#..# #⌠⌠#
####


You could see an ogre.

Vanquished Creatures
  Ijyb (D)
1 creature vanquished.

Notes
Turn   | Place    | Note
-------+----------+-------------------------------------------
     0 | D        | Lexodia the Felid Enchanter began the quest for the Orb.
     0 | D        | Reached XP level 1. HP: 7/7 MP: 4/4
     1 | D        | Noticed Ijyb
     4 | D        | Huge Dmg: 6 dmg
     5 | D        | Paralysed by Ijyb for 5 turns
    10 | D        | Huge Dmg: 6 dmg
    13 | D        | Killed Ijyb
    14 | D        | Reached skill level 7 in Hexes
    14 | D        | Reached XP level 2. HP: 3/11 MP: 4/6
    17 | D        | Huge Dmg: 1 dmg
    48 | D        | Learned a level 2 spell: Ensorcelled Hibernation
    63 | D        | Noticed an ogre
    67 | D        | Huge Dmg: 8 dmg
    68 | D        | Annihilated by an ogre

Illustrated notes

Levels and vault maps discovered:
D:        dungeon_sprint_1 [red_sonja_temple_1, red_sonja_temple_small_1]

Skill      XL: |  1 |
---------------+----+-----
Dodging        | 3 |  3.7
Stealth        | 6 |  6.1
Hexes          | 7 |  7.0
Unarmed Combat | |  1.2
Spellcasting   | |  2.8

Action                     || total
---------------------------++-------
  Melee: Unarmed           ||     7
         Bite              ||     2
   Cast: Ensorcelled Hiber ||     2
    Use: Potion            ||     2
   Stab: Sleeping          ||     1
  Dodge: Dodged            ||     1

Table legend: (Time is in decaauts)
 A = Elapsed time spent in this place.
 B = Non-inter-level travel time spent in this place.
 C = Inter-level travel time spent in this place.
 D = Time resting spent in this place.
 E = Time spent auto-exploring this place.
 F = Levels seen in this place.
 G = Mean time per level.
                   A        B        C        D        E       F      G
               +--------+--------+--------+--------+--------+-----+--------+
         Total |     79 |     79 |      0 |     56 |      0 |   1 |   79.0 |
       Dungeon |     79 |     79 |      0 |     56 |      0 |   1 |   79.0 |
               +--------+--------+--------+--------+--------+-----+--------+

Top non-repeatable levels by time:
       D: 79 daAuts
